Nemesis, lawful female dwarven Valkyrie ------------ |..........| |<.........| - |..........| |. # -..........| |. # ## -------.---- |.. ##### ## -...#G#### # ####### ## h #### -----.--- @ # ## |.......| # #### ........| # # |.^.....| # ###|...>...| #........| --------- Nemesis the Skirmisher Experience level: 4 Strength: 16 Dexterity: 15 Constitution: 15 Intelligence: 5 Wisdom: 10 Charisma: 11 Health: 0(35) Energy: 3(3) Def: 13 Gold: 796 Moves: 1776 Dungeon seed: eatSa3jQj-DnpVEB Game ID: Nemesis_1449202414 Your Inventory: Coins $ - 796 gold pieces Amulets l - a cursed amulet of change Weapons a - a +1 long sword (weapon in hand) b - a +0 dagger Armor e - an uncursed +3 small shield (being worn) r - a blessed +2 plate mail (being worn) Comestibles u - an uncursed lembas wafer w - an uncursed partly eaten food ration Scrolls g - a cursed scroll of magic mapping h - an uncursed scroll of confuse monster i - an uncursed scroll of create monster o - a blessed scroll of identify v - an uncursed scroll of enchant armor C - an uncursed scroll of enchant weapon Potions j - an uncursed potion of sickness s - an uncursed potion of see invisible t - an uncursed potion of booze z - an uncursed potion of extra healing Wands f - a wand of light (0:13) k - a wand of polymorph (0:4) p - a wand of digging (0:6) A - a wand of secret door detection (0:11) Tools B - a +0 pick-axe Gems n - an uncursed worthless piece of blue glass q - an uncursed worthless piece of white glass y - an uncursed worthless piece of violet glass N - an uncursed worthless piece of green glass Spells and supernatural/magical abilities: Name Level Category Fail Memory W - pray for help -- divine ? -- Your skills at the end: Fighting Skills Weapon Skills dagger [Basic] long sword [Basic] Spellcasting Skills Final Attributes: You were stridently aligned. You were cold resistant. You had infravision. You were stealthy. You are dead. Vanquished creatures: a small mimic a fog cloud a gnome lord a dwarf a gas spore 2 large kobolds a yellow mold a red mold 5 gnomes 5 garter snakes 3 jackals a fox a kobold 2 sewer rats 2 lichens a kobold zombie 2 newts 31 creatures vanquished. Voluntary challenges: You were an atheist. You used a wielded weapon 36 times, starting on turn 58. You were illiterate. You never genocided any monsters. You never polymorphed an object. You never changed form. You used no wishes. You never split a pudding. You never wrote Elbereth's name. You violated your moral code, losing 14 points of alignment, starting on turn 1427. Dungeon overview: The Dungeons of Doom: levels 1 to 4 Level 1 a long staircase Level 2 a weapon shop, some fountains Level 3 Level 4 a fountain stairs to The Gnomish Mines The Gnomish Mines: levels 5 to 7 Level 5 stairs to The Dungeons of Doom Level 6 Level 7 <- You were here History has recorded: On T:1 you entered the Dungeons of Doom to retrieve the Amulet of Yendor! On T:149 you reached level 2 of The Dungeons of Doom. On T:192 you reached level 3 of The Dungeons of Doom. On T:232 you advanced to experience level 2. On T:324 you advanced to experience level 3. On T:822 you reached level 4 of The Dungeons of Doom. On T:1280 you reached level 1 of The Gnomish Mines. On T:1356 you advanced to experience level 4. On T:1446 you reached level 2 of The Gnomish Mines. On T:1726 you reached level 3 of The Gnomish Mines. Score breakdown: Gold: 796 ( 9869 points) Experience: 4 levels ( 9649 points) Exploration: 7 levels ( 13.46%) (10289 points) Discoveries: 0 items ( 0.00%) ( 0 points) Valuables value: (no points given unless you survive) Artifact value: 0 ( 0 points) Variety of kills: 17 monsters ( 4.46%) ( 6336 points) Turncount: 1776 turns ( 0 points) Survival: died (score multiplied by 80%) Total score: 28914 Latest messages: Clip-Clop hits! Clip-Clop's tentacles suck you! Your brain is eaten! You feel stupid! Clip-Clop's tentacles suck you! Your brain is eaten! You feel very stupid! You die... Final status: Farvel Nemesis the Valkyrie, killed by a master mind flayer called "Clip-Clop"... You died in The Gnomish Mines on dungeon level 7 with 28914 points, and 796 pieces of gold, after 1776 moves. You were level 4 with a maximum of 35 hit points when you died.